Selects Australian Defense Battlegroup
Selects Australian Light Infantry Section
Australian Light Infantry Section
Australian Light Infantry Section
Australian Light Infantry Section
Construct Section Command Post
Selects 2-pounder Anti-tank Gun Team
Construct Field Infirmary
2-pounder Anti-tank Gun Team
2-pounder Anti-tank Gun Team
Construct Platoon Command Post
Construct Company Command Post
Unlock M3 Grant Medium Tanks
6-pounder Anti-tank Gun Team
Selects CMP 15cwt Supply Run
Selects Artillery Trip Wire Flares
Selects Archer Tank Destroyer